 Dungeon Crawl Stone Soup version 0.28.0-55-gcd9437bce4 (webtiles) character file.

Game seed: 6190722835040227096

343 nerdsy the Covered (level 6, -8/57 HPs)
             Began as a Deep Dwarf Fighter on Jan 6, 2023.
             Mangled by an ogre
             ... wielding a +0 giant spiked club
              (17 damage)
             ... on level 4 of the Dungeon.
             The game lasted 00:09:08 (2624 turns).

nerdsy the Covered (Deep Dwarf Fighter)             Turns: 2624, Time: 00:09:10

Health: -8/57      AC: 13    Str: 21    XL:     6   Next: 31%
Magic:  5/5        EV:  6    Int:  9    God:
Gold:   777        SH:  5    Dex: 12    Spells: 5/5 levels left

rFire   . . .      SeeInvis .   t - +2 short sword (elec)
rCold   . . .      Faith    .   c - +0 buckler
rNeg    . . .      Spirit   .   i - +0 plate armour
rPois   .          Reflect  .   g - +1 hat
rElec   .          Harm     .   (no cloak)
rCorr   .          Rampage  .   (no gloves)
Will    .....                   (no boots)
Stlth   ..........              q - amulet of Xuzestrus {RegenMP +Inv}
HPRegen 0.00/turn               e - ring of flight
MPRegen 0.49/turn               (no ring)

@: flying
A: damage resistance, heal wounds, sense surroundings 1, no regeneration
a: Heal Wounds, Evoke Invisibility


You were on level 4 of the Dungeon.
You visited 1 branch of the dungeon, and saw 4 of its levels.

You collected 777 gold pieces.

Inventory:

Hand Weapons
 t - a +2 short sword of electrocution (weapon)
Armour
 c - a +0 buckler (worn)
 g - a +1 hat (worn)
 i - a +0 plate armour (worn)
Magical Staves
 v - a staff of earth
Jewellery
 e - a ring of flight (left hand)
 q - the amulet of Xuzestrus (around neck) {RegenMP +Inv}
   (You found it on level 3 of the Dungeon)

   [amulet of magic regeneration]

   It increases your rate of magic regeneration.
   +Inv:      It lets you turn invisible.
 x - a +4 ring of protection
Wands
 a - a wand of paralysis (13)
 m - a wand of charming (6)
Scrolls
 f - 2 scrolls of identify
 h - 2 scrolls of noise {unknown}
 j - a scroll of fog
 k - a scroll of enchant armour
 n - a scroll of brand weapon
 o - a scroll of vulnerability
 p - a scroll of teleportation {unknown}
Potions
 b - 2 potions of haste {unknown}
 d - a potion of might
 l - a potion of curing {unknown}
 r - 2 potions of heal wounds {unknown}
 s - a potion of mutation {unknown}
 u - a potion of cancellation {unknown}
 w - a potion of lignification {unknown}


   Skills:
 + Level 3.6 Fighting
 + Level 0.1 Short Blades
 + Level 4.2 Axes
 + Level 5.2 Armour
 + Level 1.9 Dodging
 + Level 0.3 Stealth
 + Level 4.0 Shields


You had 5 spell levels left.
You didn't know any spells.
Your spell library contained the following spells:

 Spells                   Type           Power      Damage    Failure   Level
 Magic Dart               Conj           0%         1d3       100%        1
 Searing Ray              Conj           0%         2d4       100%        2
 Fulminant Prism          Conj/Hex       0%         3d6       100%        4


Dungeon Overview and Level Annotations

Branches:
Dungeon (4/15)
 Temple: D:4-7

Altars:
Ru
Xom
Yredelemnul

Shops:
D:1 :


Innate Abilities, Weirdness & Mutations

You are resistant to damage.
You can heal yourself by infusing magical energy.
You passively map a small area around you.
You do not regenerate.


Message History

You see here a scroll labelled SAOCA XAC WAH.
You hit the hobgoblin.
The hobgoblin is almost dead.
The hobgoblin hits you.
You hit the hobgoblin.
You kill the hobgoblin!
You see here a hobgoblin corpse.
h - 2 scrolls labelled SAOCA XAC WAH (gained 1)
There is an open door here.
There is an open door here.
An orc comes into view. It is wielding a +0 whip.
The orc shouts!
The orc hits you but does no damage.
You hit the orc but do no damage. The orc hits you but does no damage.
You closely miss the orc. The orc hits you but does no damage.
You hit the orc but do no damage. The orc hits you with a +0 whip.
You hit the orc.
The orc is heavily wounded.
The orc hits you but does no damage. x2
You hit the orc but do no damage. Lightning courses through the orc!
You kill the orc!
x - a +4 ring of protection;
r - 2 inky potions (gained 1)
You now have 777 gold pieces (gained 17).
Things that are here:
a +0 whip; a +0 scale mail; an orc corpse
There is an open door here.
Found a stone staircase leading down.
You reach down and open the door.
An ogre comes into view. It is wielding a +0 giant spiked club.
The ogre shouts!
There is an open door here.
The ogre hits you with a +0 giant spiked club!
You hit the ogre but do no damage. Lightning courses through the ogre!!
The ogre is severely wounded.
The ogre hits you with a +0 giant spiked club!!
* * * LOW HITPOINT WARNING * * *
You puncture the ogre!
The ogre is almost dead.
The ogre hits you with a +0 giant spiked club!!
You die...

'....#....# ,
.########.....#
#....####+#
........#.....#
#....# , , ,
........#.....#
#....#,, , ,,
,.........#)....#
'....# ,
.........#.....#
#....#
,##+##.......#......
#..[.#, *,
#...#.......'......
.....# ,
#...#.......#######
.....# * ,
#.@O#.......#.....#
.....# * ,
#...#..........>...
.....#,
###'#..............
.....# ,
,*#....######.######
.....# ....'....#
#....... .....#
....#....# #.......
.....# #'###....#
#...>... .....# , #.
....### #.......
###### . #....#
########


You could see an ogre.

Vanquished Creatures
  A water moccasin skeleton (D:4)
  An orc priest (D:3)
  Jessica (D:3)
  Terence (D:3)
  An orc wizard (D:3)
  2 iguanas (D:4)
  6 adders
  A gnoll (D:1)
  An adder skeleton (D:2)
  A worm (D:2)
  2 dart slugs
  6 orcs
  A ball python (D:3)
  7 bats
  2 bat skeletons (D:2)
  A bat zombie (D:2)
  7 endoplasms
  2 giant cockroaches
  5 goblins
  7 hobgoblins
  A jackal (D:1)
  A quokka (D:4)
  A frilled lizard (D:1)
  A jackal zombie (D:2)
  3 kobolds
  A quokka zombie (D:2)
  3 rats (D:1)
  A spectral orc (D:3)
68 creatures vanquished.

Vanquished Creatures (others)
  A withered plant (D:2)
1 creature vanquished.

Grand Total: 69 creatures vanquished

Notes
Turn   | Place    | Note
-------+----------+-------------------------------------------
     0 | D:1      | nerdsy the Deep Dwarf Fighter began the quest for the Orb.
     0 | D:1      | Reached XP level 1. HP: 20/20 MP: 1/1
    86 | D:1      | Found a faded altar of an unknown god.
   107 | D:1      | Found Xaloim's Book Boutique.
   215 | D:1      | Reached XP level 2. HP: 25/27 MP: 2/2
   550 | D:1      | Reached XP level 3. HP: 9/34 MP: 3/3
  1101 | D:2      | Reached skill level 4 in Armour
  1118 | D:2      | Reached XP level 4. HP: 26/42 MP: 3/3
  1411 | D:3      | Found a sacrificial altar of Ru.
  1557 | D:3      | Noticed Terence
  1569 | D:3      | Killed Terence
  1571 | D:3      | Identified the amulet of Xuzestrus {RegenMP +Inv}
  1600 | D:3      | Reached XP level 5. HP: 36/49 MP: 4/4
  1618 | D:3      | Noticed Jessica
  1623 | D:3      | Killed Jessica
  1799 | D:3      | HP: 2/49 [orc/+2 short sword of electrocution (14)]
  1800 | D:3      | Reached skill level 1 in Dodging
  2051 | D:3      | Found a basalt altar of Yredelemnul.
  2134 | D:4      | Found a shimmering altar of Xom.
  2249 | D:4      | Identified a scroll of acquirement
  2254 | D:4      | Acquired 580 gold pieces
  2334 | D:4      | Reached XP level 6. HP: 43/56 MP: 5/5
  2361 | D:4      | Reached skill level 5 in Armour
  2624 | D:4      | Mangled by an ogre

Illustrated notes

Levels and vault maps discovered:
D:1:      heliophobic_arrival_ceremonial_halls, layout_basic, serial_shops,
          nicolae_shop_trees, hellmonk_ecumenical_altar_pennies_from_heaven,
          st_stairs_1
D:2:      layout_loops_ring, serial_undead, serial_undead_e, serial_undead_c,
          serial_undead_c, serial_undead_b, hangedman_decor_slide_cut
D:3:      layout_basic, yredelemnul_forgotten_temple_becter,
          amcnicky_altar_gilded, uniq_jessica, uniq_terence
D:4:      layout_gridville, mainiacjoe_overflow_alcove_1,
          minmay_misc_feat_columns, guppyfry_early_lair_pool

Skill      XL: |  1  2  3  4  5  6 |
---------------+-------------------+-----
Fighting       | 3 |  3.6
Axes           | 3 4 |  4.2
Armour         | 4 5 |  5.2
Dodging        | 1 |  1.9
Shields        | 4 |  4.0
Short Blades   | |  0.1
Stealth        | |  0.3

Action                   |  1- 3 |  4- 6 || total
-------------------------+-------+-------++-------
Melee: War axe           |   112 |    53 ||   165
       Short sword       |       |    61 ||    61
 Abil: Heal Wounds       |     1 |     3 ||     4
  Use: Scroll            |       |     6 ||     6
Armor: Scale mail        |    55 |       ||    55
       Plate armour      |    27 |    65 ||    92
Dodge: Dodged            |    48 |    26 ||    74
Block: Buckler           |    26 |    24 ||    50
